 Dungeon Crawl Stone Soup version 0.31-a0-1002-g8e65716e6e (webtiles) character file.

Game seed: 1173910230199448512

17153 BinkBink the Eclecticist (level 12, -1/53 HPs)
             Began as a Deep Elf Air Elementalist on Nov 10, 2023.
             Was an Elder of Hepliaklqana.
             Killed from afar by a deep elf pyromancer (26 damage)
             ... with a bolt of fire
             ... on level 12 of the Dungeon.
             The game lasted 00:37:57 (14893 turns).

BinkBink the Eclecticist (DEAE)                    Turns: 14893, Time: 00:37:58

Health: -1/53      AC:  7    Str:  5    XL:     12   Next: 16%
Magic:  26/33      EV: 12    Int: 32    God:    Hepliaklqana [****..]
Gold:   757        SH:  0    Dex: 15    Spells: 26/41 levels left

rFire   . . .        h - staff of conjuration
rCold   . . .        (no shield)
rNeg    . . .        a - +0 robe
rPois   .            M - +2 hat
rElec   .            y - scarf {repulsion}
rCorr   .            j - +2 pair of gloves
SInv    .            (no boots)
Will    ++...        b - amulet of magic regeneration
Stlth   ++           G - +6 ring of intelligence
HPRegen 0.28/turn    s - ring of willpower
MPRegen 0.63/turn

%: repel missiles
@: swift, quick
A: reduced essence
a: Renounce Religion, Recall Ancestor, Ancestor Identity, Transference, Idealise


You were on level 12 of the Dungeon.
You worshipped Hepliaklqana.
Hepliaklqana was greatly pleased with you.
You visited 2 branches of the dungeon, and saw 13 of its levels.

You collected 757 gold pieces.

Inventory:

Hand Weapons
 P - the +1 demon trident "Dragonbane" {elec, Drain Fly Str+9}
   (You found it on level 12 of the Dungeon)

   Str+9:     It affects your strength (+9).
   Fly:       It grants you flight.
   Drain:     It drains your maximum health when unequipped.
Armour
 a - a +0 robe (worn)
 j - a +2 pair of gloves (worn)
 y - a scarf of repulsion (worn)
 M - a +2 hat (worn)
Magical Staves
 h - a staff of conjuration (weapon)
Jewellery
 b - an amulet of magic regeneration (around neck)
 c - an amulet of guardian spirit
 s - a ring of willpower (right hand)
 G - a +6 ring of intelligence (left hand)
 H - a +6 ring of strength
 J - a +4 ring of protection
Wands
 t - a wand of flame (6)
 w - a wand of mindburst (15)
 x - a wand of polymorph (6)
 z - a wand of quicksilver (12)
 E - a wand of roots (9)
 K - a wand of charming (15)
Scrolls
 d - 6 scrolls of teleportation
 k - 4 scrolls of poison
 n - 2 scrolls of vulnerability
 o - 3 scrolls of immolation
 q - a scroll of torment
 r - 2 scrolls of noise
 u - 4 scrolls of enchant weapon
 v - 2 scrolls of fear
 A - 3 scrolls of revelation
 C - 2 scrolls of enchant armour
 D - a scroll of amnesia
 I - a scroll of summoning {unknown}
 L - a scroll of fog {unknown}
 O - a scroll of identify
Potions
 e - 2 potions of degeneration {unknown}
 f - 3 potions of ambrosia {unknown}
 g - 4 potions of attraction {unknown}
 i - a potion of mutation {unknown}
 l - 6 potions of curing
 m - a potion of berserk rage {unknown}
 p - 3 potions of heal wounds {unknown}
 B - a potion of brilliance {unknown}
 F - a potion of cancellation {unknown}
 N - a potion of might {unknown}


   Skills:
 - Level 2.4 Dodging
 - Level 2.4 Stealth
 + Level 15.3 Spellcasting
 + Level 12.7 Conjurations
 + Level 12.0 Air Magic


You had 26 spell levels left.
You knew the following spells:

 Your Spells              Type           Power      Damage    Failure   Level
a - Shock                 Conj/Air       100%       1d9       0%          1
b - Static Discharge      Conj/Air       100%       3-8/arc   0%          2
c - Swiftness             Air            79%        N/A       1%          3
d - Airstrike             Air            39%        2d(6-22)  1%          4
e - Freezing Cloud        Conj/Ice/Air   43%        6-21      1%          5

Your spell library contained the following spells:

 Spells                   Type           Power      Damage    Failure   Level
 Poisonous Vapours        Pois/Air       100%       N/A       1%          2
 Mephitic Cloud           Conj/Pois/Air  86%        N/A       1%          3
 Sticky Flame             Conj/Fire      78%        2d9       1%          4
 Vhi's Electric Charge    Tloc/Air       100%       N/A       1%          4
 Arcjolt                  Conj/Air       50%        1d60      1%          5
 Frozen Ramparts          Ice            48%        1d8       5%          3
 Ignite Poison            Fire/Tmut/Pois 24%        N/A       5%          3
 Summon Guardian Golem    Hex/Summ       24%        N/A       5%          3
 Orb of Destruction       Conj           51%        9d13      9%          7
 Petrify                  Tmut/Erth      24%        N/A       17%         4
 Plasma Beam              Fire/Air       29%        2x1d41    22%         6
 Metabolic Englaciation   Hex/Ice        12%        N/A       43%         5
 Spellforged Servitor     Conj/Summ      39%        N/A       73%         7
 Ignition                 Fire           12%        3d6       100%        8


Dungeon Overview and Level Annotations

Branches:
Dungeon (12/15)            Temple (1/1) D:6            Lair (0/5) D:10
    Orc (0/2) D:9

Altars:
Ashenzari
Cheibriados
Dithmenos
Elyvilon
Fedhas
Gozag
Hepliaklqana
Kikubaaqudgha
Makhleb
Nemelex Xobeh
Okawaru
Qazlal
Ru
Sif Muna
Trog
Uskayaw
Vehumet
Wu Jian
Xom
Yredelemnul
Zin
The Shining One

Shops:
D:11 [

Annotations:
D:5 1 runed translucent door, Crazy Yiuf


Message History

You feel a surge of power!
The deep elf pyromancer is struck by an arc of lightning!
The deep elf pyromancer is lightly wounded.
You are struck by an arc of lightning.
The deep elf pyromancer is struck by an arc of lightning.
The deep elf pyromancer is moderately wounded.
You are struck by an arc of lightning.
The deep elf pyromancer is struck by an arc of lightning.
The deep elf pyromancer is heavily wounded.
The lightning grounds out.
Marduk-asir avoids your attack.
The deep elf pyromancer points at you and mumbles some strange words.
The sticky flame hits you!
You are covered in liquid flames!
Marduk-asir hits the deep elf pyromancer with a +0 flail.
Casting: Static Discharge (safe; 0% risk of failure)
Confirm with . or Enter, or press ? or * to list all spells.
You feel a surge of power!
The deep elf pyromancer is struck by an arc of lightning.
The deep elf pyromancer is heavily wounded.
Marduk-asir avoids your attack. x2
You are covered in liquid flames!
The deep elf pyromancer barely misses you.
Unknown command.
Casting: Static Discharge (safe; 0% risk of failure)
Confirm with . or Enter, or press ? or * to list all spells.
You feel a surge of power!
The deep elf pyromancer is struck by an arc of lightning.
The deep elf pyromancer is heavily wounded.
You are struck by an arc of lightning.
Marduk-asir avoids your attack.
You are covered in liquid flames!
You are no longer on fire.
Marduk-asir misses the deep elf pyromancer.
The deep elf pyromancer hits you with a +0 long sword.
Unknown command.
Casting: Static Discharge (safe; 0% risk of failure)
Confirm with . or Enter, or press ? or * to list all spells.
You feel quick.
The deep elf pyromancer gestures at you while chanting.
The bolt of fire hits you!!
You die...

#......'..#..#....
#......#..#..#....
#####..#####'####.
#...#..# #....#.
#...#..# #....'.
#...#..# #....#.
###+ #...#..#
#....#.
#....##'######'
#######
#....e@........
#...
######R........
#...
#..............
#...
#....##########
#...
###'##.........
#...
#....#.........
#...
#....#.........
#...
#....##'###### ##
##..
###'##.......#...
#..


You could see the friendly Marduk-asir the knight and a deep elf pyromancer
(ally target).

Vanquished Creatures
  Urug (D:11)
  A shock serpent (D:12)
  Sonja (D:12)
  3 skeletal warriors (D:12)
  Pikel (D:6)
  3 manticores (D:12)
  A kobold demonologist (D:9)
  2 unseen horrors
  A gargoyle (D:12)
  A troll (D:11)
  5 raiju (D:12)
  2 wraiths
  3 vampires
  10 yaks
  3 steam dragons
  9 vampire mosquitoes
  Menkaure (D:4)
  4 orc warriors (D:9)
  A black bear (D:5)
  An ice beast (D:7)
  2 sky beasts (D:7)
  3 ogres
  6 centaurs
  Blork the orc (D:6)
  3 kobold brigands
  3 bullfrogs
  4 scorpions
  2 gnoll sergeants
  16 wights
  4 killer bees (D:9)
  2 jellies (D:6)
  3 orc priests
  2 hounds
  4 iguanas
  2 gnoll boudas
  A sleepcap (D:5)
  9 orc wizards
  19 gnolls
  12 adders
  2 river rats (D:3)
  2 white imps (D:6)
  4 ufetubi
  A worm (D:3)
  3 dart slugs
  33 orcs
  2 bats (D:1)
  2 endoplasms
  4 giant cockroaches
  5 goblins
  8 hobgoblins
  4 jackals (D:1)
  17 kobolds
  4 quokkas
  8 ball pythons
  3 frilled lizards
  6 rats (D:3)
260 creatures vanquished.

Vanquished Creatures (collateral kills)
  A skeletal warrior (D:12)
  A manticore (D:9)
  A hornet (D:8)
  A yak (D:9)
  2 vampire mosquitoes
  2 orc warriors (D:9)
  A bullfrog (D:9)
  A kobold brigand (D:9)
  3 orc wizards
  2 gnolls
  5 orcs
  2 kobolds (D:9)
22 creatures vanquished.

Vanquished Creatures (others)
  4 knights
  An ancestor (D:7)
5 creatures vanquished.

Grand Total: 287 creatures vanquished

Notes
Turn   | Place    | Note
-------+----------+-------------------------------------------
     0 | D:1      | BinkBink the Deep Elf Air Elementalist began the quest for
                  | the Orb.
     0 | D:1      | Reached XP level 1. HP: 10/10 MP: 6/6
   106 | D:1      | Found a faded altar of an unknown god.
   214 | D:1      | Reached XP level 2. HP: 15/15 MP: 2/8
   892 | D:2      | Reached XP level 3. HP: 19/19 MP: 6/10
  1381 | D:3      | Reached skill level 4 in Spellcasting
  1416 | D:3      | Reached XP level 4. HP: 24/24 MP: 3/12
  1557 | D:3      | Noticed a gnoll sergeant
  1679 | D:3      | Found a sparkling altar of Nemelex Xobeh.
  2035 | D:3      | Reached XP level 5. HP: 24/28 MP: 0/14
  2395 | D:3      | Learned a level 2 spell: Static Discharge
  2399 | D:3      | Learned a level 3 spell: Swiftness
  2404 | D:3      | Learned a level 4 spell: Airstrike
  2459 | D:4      | Reached skill level 5 in Spellcasting
  2546 | D:4      | Found a hide-covered altar of Uskayaw.
  3017 | D:4      | Reached XP level 6. HP: 32/32 MP: 8/16
  3185 | D:4      | HP: 1/32 [gnoll/+0 spear (7)]
  3855 | D:4      | Noticed Menkaure
  3861 | D:4      | Killed Menkaure
  3862 | D:4      | Reached skill level 6 in Spellcasting
  3862 | D:4      | Reached skill level 5 in Air Magic
  4032 | D:4      | Found an ornate altar of the Wu Jian Council.
  4206 | D:5      | Entered Level 5 of the Dungeon
  4284 | D:5      | Reached XP level 7. HP: 35/36 MP: 5/18
  4408 | D:5      | Reached skill level 5 in Conjurations
  4485 | D:5      | Reached skill level 7 in Spellcasting
  5359 | D:5      | Reached XP level 8. HP: 40/41 MP: 10/21
  5660 | D:5      | Found a runed translucent door.
  5661 | D:5      | Noticed Crazy Yiuf
  5831 | D:6      | Noticed Blork the orc
  5832 | D:6      | Reached skill level 8 in Spellcasting
  5833 | D:6      | Killed Blork the orc
  6308 | D:6      | Reached skill level 9 in Spellcasting
  6643 | D:6      | Found a staircase to the Ecumenical Temple.
  6652 | Temple   | Entered the Ecumenical Temple
  6691 | Temple   | Became a worshipper of Hepliaklqana the Forgotten
  6752 | D:6      | Noticed Pikel
  7104 | D:6      | Killed Pikel
  7105 | D:6      | Reached XP level 9. HP: 30/45 MP: 21/24
  7271 | D:6      | Reached skill level 10 in Spellcasting
  7367 | D:6      | Found a sacrificial altar of Ru.
  7587 | D:6      | Reached * piety under Hepliaklqana
  7916 | D:7      | Found an opulent altar of Gozag.
  8865 | D:8      | Reached skill level 11 in Spellcasting
  9051 | D:8      | Reached ** piety under Hepliaklqana
  9052 | D:8      | Remembered your ancestor Marduk-asir as a knight
  9640 | D:9      | Reached XP level 10. HP: 45/45 MP: 16/27
  9954 | D:9      | Noticed a manticore
  9962 | D:9      | Killed a manticore
  9963 | D:9      | Reached skill level 12 in Spellcasting
 10097 | D:9      | Reached skill level 10 in Conjurations
 10434 | D:9      | Reached *** piety under Hepliaklqana
 10649 | D:9      | Reached skill level 10 in Air Magic
 10758 | D:9      | Found a staircase to the Orcish Mines.
 10887 | D:10     | Entered Level 10 of the Dungeon
 10932 | D:10     | Reached skill level 13 in Spellcasting
 11098 | D:10     | Reached XP level 11. HP: 48/48 MP: 19/30
 11289 | D:10     | Found a staircase to the Lair.
 11484 | D:10     | Found a shadowy altar of Dithmenos.
 11604 | D:10     | Found an iron altar of Okawaru.
 11795 | D:10     | Found a white marble altar of Elyvilon.
 12249 | D:11     | Noticed Urug
 12419 | D:11     | Found Yceadax's Antique Armour Shop.
 12531 | D:11     | Killed Urug
 12691 | D:11     | Learned a level 5 spell: Freezing Cloud
 12715 | D:12     | Reached **** piety under Hepliaklqana
 12779 | D:12     | Reached skill level 14 in Spellcasting
 12896 | D:12     | Noticed a shock serpent
 13107 | D:12     | Noticed a skeletal warrior
 13107 | D:12     | Noticed a skeletal warrior
 13109 | D:12     | Noticed a skeletal warrior
 13489 | D:12     | Killed a shock serpent
 13673 | D:12     | Noticed a skeletal warrior
 13697 | D:12     | Killed a skeletal warrior
 13989 | D:12     | Noticed Sonja
 13991 | D:12     | Killed Sonja
 14024 | D:12     | Reached skill level 15 in Spellcasting
 14126 | D:12     | Got the +1 demon trident "Dragonbane" {elec, Drain Fly
                  | Str+9}
 14390 | D:12     | Reached XP level 12. HP: 53/53 MP: 22/33
 14893 | D:12     | Killed from afar by a deep elf pyromancer

Illustrated notes

Levels and vault maps discovered:
D:1:      dpeg_arrival_more_subterranean_lakeside_camping, layout_basic,
          hellmonk_ecumenical_altar_crossroads
D:2:      layout_basic
D:3:      layout_loops_ring, mainiacjoe_overflow_paths,
          lightli_sewer_entry_pipes, lightli_corner_chamber
D:4:      layout_basic, mainiacjoe_overflow_six_doors_small,
          pdpol_wu_jian_five_deadly_venoms, serial_aquarium,
          aquarium_bridge_island_large [aquarium_subvault_large_open,
          aquarium_subvault_wall, aquarium_subvault_bridge,
          aquarium_subvault_wall, aquarium_subvault_bridge],
          aquarium_bridge_long_joined [aquarium_subvault_wall,
          aquarium_subvault_bridge, aquarium_subvault_bridge,
          aquarium_subvault_bridge, aquarium_subvault_wall,
          aquarium_subvault_bridge], aquarium_window_corridor_1,
          aquarium_window_2, aquarium_view_2b, aquarium_view_2b,
          aquarium_pool_2, uniq_menkaure
D:5:      layout_loops_ring, uniq_crazy_yiuf_cottage
D:6:      layout_cave_pools, nicolae_ru_path_of_blood, temple_hall,
          kennysheep_generic_room_5, uniq_pikel, uniq_blork_the_orc
D:7:      layout_loops_corners, mainiacjoe_overflow_chevrons
D:8:      layout_loops_cross
D:9:      layout_rooms, david_orc_4, serial_library,
          serial_library_hellmonk_long_bookcase,
          serial_library_hellmonk_filled_rooms,
          serial_library_hellmonk_junction,
          serial_library_hellmonk_angled_corner,
          serial_library_hellmonk_long_bookcase,
          serial_library_regret_index_multi,
          serial_library_hellmonk_long_bookcase,
          serial_library_regret_index_branch_corner
D:10:     layout_basic, grunt_dithmenos_smoke_and_mirrors,
          mainiacjoe_overflow_boulevard, amcnicky_altar_gilded,
          dpeg_oklobed_lair
D:11:     layout_rooms, serial_shops, shop, uniq_urug
D:12:     minmay_shoctagon, layout_grid_maze, uniq_sonja
Temple:   minmay_temple_curvy_branch

Skill      XL: |  1  2  3  4  5  6  7  8  9 10 11 12 |
---------------+-------------------------------------+-----
Conjurations   | 2 3 4 5 7 9 10 12 | 12.7
Spellcasting   | 4 5 6 7 9 11 13 15 | 15.3
Air Magic      | 4 5 6 7 8 10 11 12 | 12.0
Dodging        | |  2.4
Stealth        | |  2.4

Action                     |  1- 3 |  4- 6 |  7- 9 | 10-12 || total
---------------------------+-------+-------+-------+-------++-------
  Melee: Staff             |       |       |     1 |     1 ||     2
   Cast: Shock             |    64 |   105 |    86 |    66 ||   321
         Static Discharge  |       |    10 |    19 |    11 ||    40
         Swiftness         |       |     1 |     3 |     8 ||    12
         Airstrike         |       |       |    92 |   186 ||   278
         Freezing Cloud    |       |       |       |    16 ||    16
 Invoke: Ancestor Life: Kn |       |       |     1 |       ||     1
         Recall Ancestor   |       |       |       |     1 ||     1
    Use: Potion            |       |     1 |     1 |       ||     2
         Scroll            |       |       |       |    12 ||    12
 Armour: Robe              |     8 |    45 |    38 |    50 ||   141
  Dodge: Dodged            |     6 |    23 |    11 |    23 ||    63
         Repelled          |       |       |       |     1 ||     1

Table legend: (Time is in decaauts)
 A = Elapsed time spent in this place.
 B = Non-inter-level travel time spent in this place.
 C = Inter-level travel time spent in this place.
 D = Time resting spent in this place.
 E = Time spent auto-exploring this place.
 F = Levels seen in this place.
 G = Mean time per level.
                   A        B        C        D        E       F      G
               +--------+--------+--------+--------+--------+-----+--------+
         Total |  14914 |  14130 |    784 |   2091 |  10150 |  13 | 1147.2 |
       Dungeon |  14850 |  14129 |    721 |   2091 |  10150 |  12 | 1237.5 |
        Temple |     64 |      1 |     63 |      0 |      0 |   1 |   64.0 |
               +--------+--------+--------+--------+--------+-----+--------+

Top non-repeatable levels by time:
    D:12: 1995 daAuts
     D:4: 1790 daAuts
     D:5: 1776 daAuts
     D:6: 1638 daAuts
     D:9: 1268 daAuts
     D:3: 1222 daAuts
    D:10: 1153 daAuts
     D:7: 1124 daAuts
    D:11: 842 daAuts
     D:1: 799 daAuts
     D:8: 661 daAuts
     D:2: 576 daAuts
  Temple: 64 daAuts
